 Dungeon Crawl Stone Soup version 0.31-a0-210-gccc998df9b (webtiles) character file.

Game seed: 16802917842215894373

91 qw the Chopper (level 4, -10/28 HPs)
             Began as a Gargoyle Fighter on June 30, 2023.
             Killed by divine providence
             ... invoked by an orc priest
              (13 damage)
             ... on level 3 of the Dungeon.
             The game lasted 00:00:59 (1845 turns).

qw the Chopper (Gargoyle Fighter)                   Turns: 1845, Time: 00:00:59

Health: -10/28     AC: 19    Str: 21    XL:     4   Next: 57%
Magic:  4/4        EV:  7    Int:  9    God:
Gold:   90         SH:  4    Dex:  9    Spells: 3/3 levels left

rFire   . . .        Y - +0 war axe
rCold   . . .        c - +0 buckler
rNeg    + . .        f - +0 chain mail
rPois   inf          e - +0 helmet
rElec   +            (no cloak)
rCorr   .            o - +0 pair of gloves
SInv    .            (no boots)
Will    +....        (no amulet) Stlth
                     q - +4 ring of protection
HPRegen 0.24/turn    n - ring of willpower
MPRegen 0.09/turn

%: no passive effects
@: no status effects
A: sickness immunity, AC +3, negative energy resistance 1, electricity
resistance, torment resistance 1, petrification resistance
a: no special abilities


You were on level 3 of the Dungeon.
You visited 1 branch of the dungeon, and saw 3 of its levels.

You collected 90 gold pieces.


Innate Abilities, Weirdness & Mutations

You are immune to sickness and miasma.
Your stone body is resilient. (AC +3)
You are immune to poison.
You resist negative energy. (rN+)
You are resistant to electric shocks. (rElec)
You are resistant to unholy torment.
You are immune to petrification.


   Skills:
 - Level 3.2 Fighting
 + Level 4.2 Axes
 - Level 3.2 Armour
 - Level 3.2 Shields


You had 3 spell levels left.
You didn't know any spells.
Your spell library was empty.

Inventory:

Hand Weapons
 j - a +0 flail
 Y - a +0 war axe (weapon)
Armour
 c - a +0 buckler (worn)
 e - a +0 helmet (worn)
 f - a +0 chain mail (worn)
 o - a +0 pair of gloves (worn)
Jewellery
 b - a ring of resist corrosion
 n - a ring of willpower (right hand)
 q - a +4 ring of protection (left hand)
Potions
 a - a potion of heal wounds {unknown}
 d - a potion of might
 g - a potion of haste {unknown}
 h - a potion of mutation {unknown}
 i - 2 potions of curing
 k - a potion of degeneration {unknown}
 l - a potion of invisibility {unknown}
 m - a potion of brilliance {unknown}

Dungeon Overview and Level Annotations

Branches:
Dungeon (3/15)

Altars:


Message History

You kill the ball python!
You start resting.
HP restored.
You see here a ball python corpse.
An orc priest and 2 orcs come into view.
An orc is wielding a +1 flail of protection.
Found a leather armour.
The orc shouts!
The orc priest shouts!
The orc shouts!
You hear a shout!
An orc comes into view. It is wielding a +0 flail. x2
An orc comes into view. It is wielding a +0 short sword.
The orc priest moves out of view.
Enter note:
Enter note:
Enter note:
Enter note:
1834 ||| Stepping ~*~*~tactically~*~*~ (stealth).
1837 ||| Stepping ~*~*~tactically~*~*~ (hiding).
The orc hits you but does no damage.
The orc priest looks satisfied for a moment.
You hit the orc.
The orc is heavily wounded.
The orc hits you but does no damage.
The orc priest looks encouraged for a moment.
You slash the orc!
You kill the orc!
An orc comes into view. It is wielding a +0 club.
The orc priest calls down the wrath of Beogh upon you.
Beogh smites you! The orc barely misses you.
You hear a shout!
The orc shouts!
You closely miss the orc. You block the orc's attack.
The orc priest invokes the aid of Beogh against you.
Beogh smites you!
You hit the orc but do no damage. The orc hits you but does no damage.
You hit the orc but do no damage.
The orc hits you with a +1 flail of protection!
The orc priest calls down the wrath of Beogh upon you.
Beogh smites you!
You die...

..##.#.# #.## #... #.#
#.# #..# #.# #.##
##..###.#####...
#..%##..........
#########....>..##...##.
#..........####.##......
#####..#..# #.##.#####
#@###.###....# #o#
#.....%..# #oo#
####.....##### .oo##
#............ .[..#
##.......#####
.o....#####.%.####.#
o.............# #.##
......####.#### #..# #
..... #....# ##.# #


You could see an orc priest and 4 orcs.

Vanquished Creatures
  4 adders
  A worm (D:3)
  An orc (D:3)
  5 bats
  5 endoplasms
  2 giant cockroaches
  4 goblins
  3 hobgoblins
  4 jackals (D:1)
  5 kobolds
  3 quokkas
  3 ball pythons
  5 frilled lizards (D:2)
  4 rats
49 creatures vanquished.

Notes
Turn   | Place    | Note
-------+----------+-------------------------------------------
     0 | D:1      | qw the Gargoyle Fighter began the quest for the Orb.
     0 | D:1      | Reached XP level 1. HP: 14/14 MP: 1/1
     0 | D:1      | 0 ||| qw: Version: 0.3-a-24-ga2abf7b
     0 | D:1      | 0 ||| qw: Game counter: 7129
     0 | D:1      | 0 ||| qw: Melee chars always use a shield: true
     0 | D:1      | 0 ||| qw: God list: Okawaru
     0 | D:1      | 0 ||| qw: Allow faded altars: false
     0 | D:1      | 0 ||| qw: Do Orc after clearing Dungeon:15 true
     0 | D:1      | 0 ||| qw: Do second Lair branch before Depths: true
     0 | D:1      | 0 ||| qw: Lair rune preference: random
     0 | D:1      | 0 ||| qw: Goals: Normal, Zot:1-4, Slime:5, God:TSO, Crypt,
                  | Tomb, Abyss, Pan, Hells, Win
     0 | D:1      | 0 ||| PLANNING D:1-11
    44 | D:1      | Reached skill level 2 in Axes
    53 | D:1      | Found a faded altar of an unknown god.
   145 | D:1      | Reached XP level 2. HP: 19/19 MP: 2/2
   150 | D:1      | 150 ||| Stepping ~*~*~tactically~*~*~ (stealth).
   183 | D:1      | 183 ||| Stepping ~*~*~tactically~*~*~ (stealth).
   349 | D:1      | 349 ||| Stepping ~*~*~tactically~*~*~ (hiding).
   510 | D:1      | Reached skill level 3 in Axes
   532 | D:1      | 532 ||| DROPPING +0 club.
   569 | D:1      | Reached XP level 3. HP: 23/23 MP: 3/3
   926 | D:1      | 926 ||| UPGRADING to +0 helmet.
   931 | D:1      | 931 ||| UPGRADING to +0 chain mail.
   941 | D:1      | 941 ||| DROPPING +0 scale mail.
   942 | D:1      | 942 ||| READING scroll labelled MAW JALAMUSH.
   943 | D:1      | 943 ||| DRINKING 2 smoky sapphire potions.
  1280 | D:2      | 1280 ||| Stepping ~*~*~tactically~*~*~ (stealth).
  1283 | D:2      | 1283 ||| Stepping ~*~*~tactically~*~*~ (stealth).
  1292 | D:2      | Reached XP level 4. HP: 28/28 MP: 4/4
  1374 | D:2      | Reached skill level 4 in Axes
  1523 | D:2      | 1523 ||| DROPPING orb of energy.
  1524 | D:2      | 1524 ||| UPGRADING to +0 pair of gloves.
  1529 | D:2      | 1529 ||| UPGRADING to ring of willpower.
  1530 | D:2      | 1530 ||| UPGRADING to ring of resist corrosion.
  1531 | D:2      | 1531 ||| UPGRADING to +4 ring of protection.
  1533 | D:2      | 1533 ||| UPGRADING to ring of willpower.
  1535 | D:2      | 1535 ||| READING scroll labelled KAYM VARIA.
  1536 | D:2      | 1536 ||| READING scroll labelled DOPREPL IGOXKU.
  1834 | D:3      | 1834 ||| Stepping ~*~*~tactically~*~*~ (stealth).
  1837 | D:3      | 1837 ||| Stepping ~*~*~tactically~*~*~ (hiding).
  1845 | D:3      | HP: 3/28 [orc/+1 flail of protection (7)]
  1845 | D:3      | Killed from afar by an orc priest

Levels and vault maps discovered:
D:1:      erik_arrival_triangle_large, layout_loops_cross,
          shapermc_ecumenical_altar_acropolis
D:2:      layout_basic, minmay_between
D:3:      layout_rooms

Skill      XL: |  1  2  3  4 |
---------------+-------------+-----
Axes           | 2 3 4 |  4.2
Fighting       | |  3.2
Armour         | |  3.2
Shields        | |  3.2

Action                     |  1- 3 |  4- 6 || total
---------------------------+-------+-------++-------
  Melee: War axe           |    98 |    47 ||   145
    Use: Scroll            |     1 |     2 ||     3
         Potion            |     1 |       ||     1
 Armour: Scale mail        |    42 |       ||    42
         Chain mail        |    19 |    23 ||    42
  Dodge: Dodged            |    48 |    20 ||    68
  Block: Buckler           |    16 |     6 ||    22

Table legend:
 A = Non-vault XP
 B = Vault XP
 C = Vault XP percentage of total XP
 D = Non-vault monster count
 E = Vault monster count
 F = Vault count percentage of total count
                 A         B        C        D         E       F
            +---------+---------+-------+---------+---------+-------
      Total |     123 |       7 |   5.4 |      43 |       6 |  12.2
            +---------+---------+-------+---------+---------+-------
        D:1 |      36 |       0 |   0.0 |      20 |       0 |   0.0
        D:2 |      58 |       7 |  10.8 |      14 |       6 |  30.0
        D:3 |      29 |       0 |   0.0 |       9 |       0 |   0.0
            +---------+---------+-------+---------+---------+-------
